 Dungeon Crawl Stone Soup version 0.17-a0-1798-g879a7aa (webtiles) character file.

139 luca467 the Insei (level 5, -6/42 HPs)
             Began as a Demonspawn Monk on Sept 10, 2015.
             Mangled by shakdrar's ghost (8 damage)
             ... on level 3 of the Dungeon.
             The game lasted 00:08:09 (1711 turns).

luca467 the Insei (Demonspawn Monk)                 Turns: 1711, Time: 00:08:09

Health: -6/42      AC:  5    Str: 12    XL:     5   Next: 1%
Magic:  5/5        EV: 14    Int: 11    God:
Gold:   83         SH:  0    Dex: 16    Spells: 0 memorised, 4 levels left

rFire  . . .     SeeInvis .       - Unarmed
rCold  . . .     Clarity  .     a - +0 robe
rNeg   . . .     SustAt   .     (no shield)
rPois  .         Gourm    .     j - +1 hat
rElec  .         Spirit   .     (no cloak)
rCorr  +         Warding  .     (no gloves)
rMut   .         Stasis   .     (no boots)
MR     .....                    c - amulet of resist corrosion
Stlth  ++........               (no ring)
                                (no ring)

@: not resistant to hostile enchantments, unstealthy
A: thin metallic scales 1
a: no special abilities


You were on level 3 of the Dungeon.
You were hungry.

You visited 1 branch of the dungeon, and saw 3 of its levels.

You collected 83 gold pieces.

Inventory:

Armour
 a - a +0 robe (worn)
 j - a +1 hat (worn)
Jewellery
 c - an amulet of resist corrosion (around neck)
 l - a cursed ring of protection from magic
Magical devices
 h - a wand of random effects (22)
Scrolls
 d - a scroll of magic mapping {unknown}
 e - a scroll of teleportation {unknown}
 g - a scroll of amnesia {unknown}
 i - a scroll of enchant weapon {unknown}
Comestibles
 b - 2 bread rations
 f - a slice of pizza
 k - a meat ration


   Skills:
 + Level 3.7 Fighting
 + Level 3.4 Dodging
 - Level 1.7 Stealth
 * Level 4.9 Unarmed Combat


You had 4 spell levels left.
You didn't know any spells.

Dungeon Overview and Level Annotations

Branches:
Dungeon (3/15)

Altars:

Annotations:
D:3 shakdrar's ghost, average DsAK


Innate Abilities, Weirdness & Mutations

You are partially covered in thin metallic scales (AC +2).


Message History

The fireball explodes!
The fireball engulfs shakdrar's ghost.
Shakdrar's ghost resists.
Shakdrar's ghost is lightly damaged.
The fireball engulfs you!
* * * LOW HITPOINT WARNING * * *
Evoking this partially-identified wand wasted a few charges.
Shakdrar's ghost barely misses you.
Evoke which item? (* to show all) (? for menu, Esc to quit)
Zapping:
h - a wand of random effects {zapped: 3} (will waste charges)
Press: ? - help, Shift-Dir - straight line, f/p - shakdrar's ghost
Aim: shakdrar's ghost (lightly damaged)
The magic dart hits shakdrar's ghost.
Shakdrar's ghost is moderately damaged.
Evoking this partially-identified wand wasted a few charges.
Shakdrar's ghost hits you.
* * * LOW HITPOINT WARNING * * *
You punch shakdrar's ghost!
Shakdrar's ghost is heavily damaged.
Shakdrar's ghost hits you!
You die...

......)...................#
..........................#
#########........##.#<#.###
##.......##.###.#
#..............#
#........#.#####
##....#+#+#....#
#....†.....###.#
#...@......# #.#
#....W.....# #.#
#..........# #.#
#..........###.######
####'##'#......#.....
#..#.########.###.
####........# #.# #.
#......)###.# #.# #.
#.......###.# #.# #.


You could see shakdrar's ghost.

Vanquished Creatures
  An ogre (D:3)
  2 adders
  2 worms (D:2)
  8 bats
  3 giant cockroaches
  4 goblins
  6 hobgoblins
  2 giant newts (D:1)
  2 kobolds (D:1)
  7 rats
37 creatures vanquished.

Notes
Turn   | Place    | Note
--------------------------------------------------------------
     0 | D:1      | luca467 the Demonspawn Monk began the quest for the Orb.
     0 | D:1      | Reached XP level 1. HP: 18/18 MP: 1/1
   251 | D:1      | Gained mutation: You are partially covered in thin metallic scales (AC +2). [demonic ancestry]
   251 | D:1      | Reached XP level 2. HP: 22/24 MP: 2/2
   754 | D:2      | Reached skill level 4 in Unarmed Combat
   832 | D:2      | Reached XP level 3. HP: 6/29 MP: 3/3
  1577 | D:3      | Noticed an ogre
  1583 | D:3      | Noticed shakdrar's ghost (average DsAK)
  1587 | D:3      | Killed an ogre
  1587 | D:3      | Reached XP level 4. HP: 17/37 MP: 4/4
  1706 | D:3      | Reached XP level 5. HP: 24/42 MP: 5/5
  1709 | D:3      | HP: 2/42 [shot self (8)]
  1711 | D:3      | Mangled by shakdrar's ghost

Vault maps used:
D:1:      dpeg_arrival_shrine
D:3:      overflow_temple_1_default, makhleb_grotto_becter

Action                   |  1- 3 |  4- 6 || total
-------------------------+-------+-------++-------
Melee: Unarmed           |   127 |    13 ||   140
Evoke: Wand              |       |     2 ||     2
  Use: Scroll            |     3 |       ||     3
 Stab: Sleeping          |     5 |       ||     5
  Eat: Chunk             |     2 |       ||     2
